Map: 2000 Atmosphären LE

Players

K.I.-1 (Sehr leicht)

  • Race: Zerg Zerg

Luca - Winner!

  • Race: Terran Terran
  • League: Master

VOD

Have the link to the VOD?

Description

Time

  • Played on: March 15, 2022, 8:56 a.m.
  • Length: 5:18
Show
View Real Time Build Order
Export as new Build Order

K.I.-1 (Sehr leicht) Zerg 

Build Orders: Pool Only 

Get SALT Encoding   

  12  0:01  Drone  
  13  0:12  Overlord  
  13  0:16  Drone  
  14  0:35  Spawning Pool  
  13  0:36  Extractor  
  13  0:39  Drone  
  13  0:46  Drone  
  14  0:51  Overlord  
  14  1:22  Queen, Zergling x2  
  17  1:29  Roach Warren  
  17  1:31  Extractor  
  15  1:35  Drone  
  16  1:42  Drone  
  17  1:49  Zergling x2  
  18  2:01  Drone  
  20  2:08  Drone  
  20  2:16  Zergling x2  
  20  2:18  Drone  
  22  2:29  Overlord  
  22  2:31  Drone  
  23  2:38  Drone  
  23  2:43  Roach  
  26  2:45  Drone  
  27  3:45  Drone  
  27  3:47  Zergling x2  
  18  3:53  Drone  
  19  4:02  Drone  
  20  4:09  Drone  
  21  4:14  Zergling x2  
  21  4:16  Drone  
  12  4:23  Drone  
  13  4:30  Drone  
  14  4:38  Drone  
  15  4:41  Zergling x2  
  15  4:45  Drone  
  10  4:53  Drone  
Show
View Real Time Build Order
Export as new Build Order

Luca Terran - Winner!

Build Orders: 1/1/1, Widow Mine Drop 

Get SALT Encoding   

  12  0:00  SCV  
  13  0:12  SCV  
  14  0:17  Supply Depot  
  14  0:24  SCV  
  15  0:31  Refinery  
  15  0:41  Barracks  
  15  0:44  SCV  
  16  0:58  SCV  
  17  1:10  SCV  
  18  1:29  Orbital Command, Marine  
  19  1:33  Factory  
  19  1:38  Refinery  
  19  1:39  Supply Depot  
  19  1:47  Marine  
  19  1:50  Supply Depot  
  20  1:55  SCV  
  21  2:05  Marine  
  21  2:07  SCV  
  23  2:18  Starport  
  23  2:21  Widow Mine  
  25  2:31  Armory  
  25  2:33  SCV  
  25  2:36  Marine  
  27  2:42  Widow Mine  
  29  2:47  SCV  
  29  2:49  Bunker  
  30  2:56  Medivac  
  32  2:59  Marine  
  32  3:03  SCV  
  34  3:09  Widow Mine  
  36  3:16  Supply Depot  
  36  3:17  SCV  
  37  3:30  Factory Tech Lab  
  37  3:33  Marine  
  38  3:34  SCV  
  39  3:49  Thor  
  39  3:51  Marine  
  39  3:54  SCV  
  39  3:55  Supply Depot  
  47  4:01  Supply Depot  
  47  4:16  Viking, SCV, Marine  
  51  4:33  SCV  
  51  4:34  Supply Depot  
  51  4:35  Marine  
  59  4:45  SCV  
  60  4:55  Marine  
  60  4:57  SCV  
  62  5:12  Command Center  
Tags
 
Add a new tag
Caveats
  • Supply blocks, unpowered buildings, or Contaminate may cause inaccurate times.
  • Supply counts are checked every 10 seconds.